Map: Year Zero LE

Players

Kelazhur

  • Race: Terran Terran
  • Spawn Location: 1:00

Elazer - Winner!

  • Race: Zerg Zerg
  • Spawn Location: 11:00

Event: 2019 WCS Spring

VOD

Have the link to the VOD?

Description

Time

  • Played on: May 18, 2019, 9:59 a.m.
  • Length: 13:23

All games in this series

Show
View Real Time Build Order
Export as new Build Order

Kelazhur Terran 

Build Orders:  

Get SALT Encoding   

  12  0:00  SCV  
  13  0:12  SCV  
  14  0:17  Supply Depot  
  14  0:24  SCV  
  15  0:39  SCV  
  15  0:41  Barracks  
  16  0:44  Refinery  
  16  0:51  SCV  
  17  1:03  SCV  
  18  1:15  SCV  
  19  1:27  Marine  
  19  1:28  Orbital Command  
  20  1:40  Command Center  
  20  1:45  Marine  
  21  1:54  SCV, Supply Depot  
  22  2:08  Factory  
  22  2:09  SCV  
  22  2:13  Barracks Reactor  
  23  2:22  Refinery, SCV  
  24  2:34  SCV  
  25  2:46  SCV  
  26  2:52  Orbital Command  
  26  2:54  Starport  
  26  2:58  SCV  
  26  3:00  Hellion x2  
  31  3:08  Refinery  
  31  3:10  SCV  
  32  3:18  SCV  
  33  3:21  Hellion  
  33  3:22  Hellion  
  33  3:23  SCV  
  38  3:30  Fusion Core  
  38  3:31  SCV  
  38  3:33  Starport Tech Lab  
  39  3:38  SCV  
  39  3:39  Supply Depot  
  40  3:44  SCV  
  41  3:50  SCV  
  42  3:57  SCV  
  43  4:03  SCV, Supply Depot  
  43  4:09  SCV  
  45  4:15  SCV  
  46  4:17  Battlecruiser  
  46  4:22  SCV  
  53  4:26  Supply Depot  
  53  4:27  Weapon Refit  
  53  4:29  Hellion  
  53  4:30  Hellion  
  58  4:31  SCV  
  58  4:34  SCV  
  59  4:43  SCV  
  60  4:50  Command Center  
  60  4:51  SCV  
  61  4:54  Hellion  
  61  4:55  SCV  
  61  4:58  Hellion  
  66  5:01  Armory  
  66  5:03  SCV  
  67  5:07  SCV  
  68  5:15  SCV  
  68  5:19  SCV  
  70  5:32  Supply Depot  
  70  5:35  Battlecruiser, SCV  
  77  5:39  SCV  
  78  5:54  Hellion x2, SCV  
  78  5:56  Factory x2  
  83  5:57  Terran Vehicle Weapons Level 1  
  83  5:59  Supply Depot  
  83  6:01  Engineering Bay, Refinery, SCV  
  83  6:02  Orbital Command  
  84  6:08  Supply Depot  
  84  6:09  SCV  
  85  6:18  Hellion x2  
  89  6:19  SCV  
  90  6:30  Orbital Command, SCV  
  91  6:35  SCV  
  92  6:42  SCV  
  94  6:47  SCV  
  94  6:49  Factory Tech Lab  
  94  6:51  Refinery  
  94  6:52  Factory, Factory Tech Lab  
  94  6:53  Factory  
  94  6:54  SCV  
  94  6:55  Refinery  
  94  6:58  SCV  
  94  6:59  SCV  
  97  7:04  Hellion x2  
  97  7:06  SCV  
  104  7:10  Cyclone, SCV  
  104  7:11  SCV  
  107  7:16  Cyclone  
  107  7:17  Infernal Pre-Igniter  
  107  7:18  SCV, Mag-Field Accelerator  
  107  7:22  SCV  
  112  7:23  SCV  
  112  7:28  Hellion x2, Supply Depot  
  117  7:35  Supply Depot  
  117  7:37  Factory Reactor  
  117  7:39  Starport Reactor  
  117  7:44  Command Center  
  117  7:49  Cyclone x2, SCV x2  
  125  7:57  Cyclone, SCV  
  129  7:59  Supply Depot x2  
  129  8:01  Terran Vehicle Weapons Level 2  
  129  8:02  SCV  
  130  8:05  Supply Depot  
  130  8:10  SCV x2  
  132  8:14  SCV  
  131  8:24  Siege Tank, Hellion x4  
  131  8:25  Siege Tank  
  131  8:26  Supply Depot  
  145  8:38  Siege Tank  
  145  8:40  Supply Depot  
  148  8:42  Liberator x2  
  148  8:52  Hellion x4  
  150  8:57  Supply Depot  
  150  8:59  Siege Tank x2  
  162  9:05  SCV  
  162  9:06  SCV  
  162  9:12  Siege Tank  
  162  9:13  Hellion x2  
  162  9:14  Hellion x2  
  173  9:21  Refinery x2, Supply Depot  
  173  9:36  Liberator  
  173  9:37  Liberator  
  173  9:40  Siege Tank x2, Hellion x2  
  173  9:41  Hellion x2, SCV x3, Planetary Fortress  
  190  9:53  Siege Tank  
  199  10:04  Factory x2  
  199  10:08  Factory  
  199  10:21  Smart Servos  
  199  10:22  Drilling Claws  
  187  10:56  Cyclone x3  
  190  10:57  Hellion x4  
  190  10:59  Factory Reactor, Factory Tech Lab  
  190  11:00  Factory Tech Lab, Liberator x2  
  174  11:11  Command Center  
  130  11:12  Command Center  
  127  11:18  Hellion  
  127  11:21  SCV x2  
  127  11:22  Cyclone  
  127  11:23  Cyclone  
  135  11:28  Cyclone x3  
  142  11:43  Hellion x2  
  143  11:54  Hellion, Cyclone  
  143  11:55  Cyclone, Liberator x2  
  143  11:59  SCV  
  143  12:00  Cyclone x3  
  157  12:03  Hellion  
  157  12:04  Hellion  
  112  12:21  Hellion  
  112  12:22  Hellion  
  108  12:26  Cyclone  
  108  12:27  Hellion, Cyclone  
  116  12:32  Hellion x3  
  116  12:34  Orbital Command  
  121  12:43  Cyclone  
  121  12:44  Cyclone  
  105  12:47  Hellion  
  105  12:50  Hellion  
Show
View Real Time Build Order
Export as new Build Order

Elazer Zerg - Winner!

Build Orders: Hatch First, Lurkers 

Get SALT Encoding   

  12  0:00  Drone  
  13  0:12  Overlord  
  13  0:17  Drone  
  14  0:30  Drone x2  
  16  0:49  Hatchery  
  15  0:52  Drone  
  15  0:56  Drone  
  17  0:59  Drone  
  18  1:10  Extractor  
  17  1:14  Spawning Pool  
  17  1:18  Drone  
  17  1:21  Drone  
  18  1:29  Drone  
  19  1:41  Drone  
  20  1:52  Drone  
  21  2:01  Queen x2, Zergling x4  
  27  2:21  Overlord  
  27  2:22  Drone  
  28  2:27  Metabolic Boost  
  28  2:39  Drone x4  
  32  2:45  Drone  
  32  2:51  Queen, Hatchery  
  35  2:56  Overlord  
  34  2:59  Drone  
  34  3:01  Drone  
  36  3:14  Drone x5  
  41  3:23  Drone, Overlord  
  41  3:26  Queen  
  44  3:42  Drone x2  
  44  3:44  Zergling x4  
  44  3:45  Drone x2  
  50  3:52  Overlord  
  50  3:54  Drone  
  50  4:01  Drone  
  51  4:03  Queen x2  
  51  4:04  Overlord  
  51  4:05  Drone x2  
  57  4:14  Overlord  
  57  4:15  Baneling Nest  
  57  4:16  Drone  
  57  4:18  Zergling x6  
  57  4:21  Drone x3  
  63  4:24  Drone  
  63  4:25  Drone  
  63  4:28  Spore Crawler  
  64  4:32  Drone  
  64  4:34  Spore Crawler  
  64  4:35  Drone x4  
  68  4:39  Spore Crawler  
  68  4:41  Drone  
  68  4:46  Drone x5  
  68  4:49  Drone  
  68  4:51  Queen  
  76  4:54  Lair  
  76  4:56  Drone  
  76  4:57  Drone  
  76  4:59  Drone  
  79  5:04  Drone  
  79  5:06  Extractor  
  78  5:08  Extractor, Drone  
  78  5:09  Drone  
  78  5:11  Evolution Chamber  
  78  5:13  Overlord  
  78  5:15  Drone  
  78  5:16  Drone x2  
  78  5:19  Baneling x3  
  81  5:22  Extractor  
  81  5:23  Drone  
  81  5:27  Overlord  
  81  5:31  Queen  
  81  5:33  Hatchery, Overlord  
  81  5:35  Zergling x12  
  85  5:42  Zerg Missile Weapons Level 1, Drone x4  
  86  5:45  Drone  
  86  5:48  Drone  
  88  5:51  Drone  
  88  5:52  Hydralisk Den, Drone x3  
  91  5:59  Extractor, Overlord  
  91  6:00  Drone  
  91  6:02  Drone x3  
  94  6:08  Overlord  
  94  6:14  Overlord x2  
  94  6:16  Overlord  
  94  6:17  Extractor  
  93  6:18  Overlord  
  93  6:20  Queen  
  93  6:22  Grooved Spines  
  93  6:23  Hydralisk x2  
  97  6:28  Hydralisk x3  
  103  6:33  Drone  
  103  6:34  Hydralisk x2  
  103  6:38  Overlord, Hydralisk  
  110  6:43  Hydralisk x2  
  110  6:46  Queen  
  116  6:50  Hydralisk  
  116  6:51  Hydralisk  
  120  6:58  Overlord  
  120  6:59  Drone x5  
  120  7:01  Drone x2  
  124  7:03  Drone x2  
  124  7:09  Overlord  
  124  7:10  Overlord  
  124  7:11  Drone x3  
  124  7:13  Drone  
  124  7:14  Drone  
  130  7:15  Drone  
  130  7:17  Drone x2  
  132  7:23  Overlord  
  132  7:24  Drone x3  
  132  7:27  Drone  
  132  7:29  Overlord  
  136  7:30  Spore Crawler  
  136  7:31  Hydralisk  
  137  7:38  Zerg Missile Weapons Level 2, Hydralisk, Muscular Augments  
  137  7:39  Hydralisk  
  137  7:42  Extractor  
  137  7:44  Extractor, Hydralisk x2  
  139  7:46  Spore Crawler  
  139  7:47  Drone  
  139  7:48  Drone  
  139  7:50  Drone x2  
  146  7:53  Drone x3  
  146  7:54  Drone  
  146  7:58  Hydralisk x2  
  150  8:04  Hydralisk x2, Lurker Den  
  156  8:13  Spore Crawler  
  156  8:15  Hydralisk x6  
  156  8:19  Overlord  
  167  8:23  Hydralisk x4  
  175  8:35  Overlord  
  175  8:37  Overlord  
  165  8:49  Hydralisk x6  
  165  8:50  Nydus Network  
  165  8:54  Pneumatized Carapace  
  165  8:55  Overseer  
  174  9:04  Overlord, Hydralisk x8  
  174  9:07  Drone x2  
  174  9:08  Drone  
  174  9:09  Infestation Pit  
  191  9:16  Spine Crawler  
  190  9:17  Spine Crawler  
  190  9:18  Spine Crawler  
  190  9:20  Spine Crawler  
  187  9:30  Hatchery  
  185  9:32  Lurker x6  
  185  9:35  Hydralisk x3  
  189  9:45  Hive  
  189  9:46  Hydralisk x2  
  189  9:48  Spore Crawler  
  189  9:49  Overlord  
  189  9:51  Zergling x16  
  200  9:58  Overseer  
  200  10:17  Overseer  
  200  10:21  Spire  
  200  10:28  Lurker  
  200  10:30  Zerg Ground Armor Level 1  
  200  10:34  Evolution Chamber  
  184  11:06  Hydralisk x13  
  184  11:09  Adaptive Talons  
  188  11:12  Hydralisk x6  
  188  11:13  Zergling x4  
  198  11:31  Extractor  
  197  11:35  Extractor  
  194  11:44  Hydralisk x8  
  196  11:47  Hydralisk x3  
  196  11:53  Hydralisk x5  
  200  11:56  Greater Spire  
  200  11:58  Overlord  
  168  12:12  Viper  
  168  12:13  Zergling x2  
  168  12:14  Zergling x36  
  171  12:18  Hydralisk x6  
  171  12:19  Hydralisk  
  171  12:20  Zergling x10  
  171  12:21  Nydus Canal  
  184  12:28  Hydralisk x3  
  186  12:39  Nydus Canal  
  186  12:40  Overlord  
  186  12:41  Hydralisk x7  
  192  12:46  Zergling x14  
  192  12:53  Nydus Canal  
  192  12:54  Lurker x2  
  192  12:55  Lurker  
  192  12:56  Overlord  
  189  12:59  Overlord  
Tags
 
Composition
Lurkers
Matchup
TvZ
Spawn Locations
Close Positions
Add a new tag
Caveats
  • Supply blocks, unpowered buildings, or Contaminate may cause inaccurate times.
  • Supply counts are checked every 10 seconds.